 Dungeon Crawl Stone Soup version 0.28-a0-384-g9e0c098162 (webtiles) character file.

Game seed: 17734631264564101694

14 omnomnOMINOUS the Caller (level 2, -4/18 HPs)
             Began as an Octopode Wanderer on Sept 2, 2021.
             Slain by a goblin (6 damage)
             ... led by Robin
             ... on level 2 of the Dungeon.
             The game lasted 00:01:26 (359 turns).

omnomnOMINOUS the Caller (Octopode Wanderer)         Turns: 359, Time: 00:01:27

Health: -4/18      AC:  1    Str: 15    XL:     2   Next: 45%
Magic:  3/3        EV: 12    Int: 11    God:
Gold:   29         SH:  0    Dex: 10    Spells: 1/2 levels left

rFire   . . .      SeeInvis .   a - +0 spear
rCold   . . .      Faith    .   (no shield)
rNeg    . . .      Spirit   .   (helmet restricted)
rPois   .          Reflect  .   (no amulet)
rElec   .          Harm     .   e - ring of wizardry
rCorr   .          Rampage  .   (no ring)
Will    .....                   (no ring)
Stlth   +++.......              (no ring)
HPRegen 0.06/turn               (no ring)
MPRegen 0.08/turn               (no ring)
                                (no ring)
                                (no ring)

@: mighty
A: almost no armour, amphibious, 8 rings, camouflage 1, gelatinous body 1,
(nimble swimmer 1), tentacles
a: no special abilities


You were on level 2 of the Dungeon.
You visited 1 branch of the dungeon, and saw 2 of its levels.

You collected 29 gold pieces.

Inventory:

Hand Weapons
 a - a +0 spear (weapon)
Jewellery
 e - a ring of wizardry (left tentacle)
Scrolls
 b - 2 scrolls of teleportation
 d - a scroll of fog {unknown}
 f - 2 scrolls of vulnerability {unknown}
 g - 2 scrolls of magic mapping {unknown}


   Skills:
 + Level 1.2 Fighting
 + Level 1.2 Dodging
 - Level 2.6 Stealth
 - Level 2.0 Unarmed Combat
 * Level 0.9 Spellcasting
 * Level 3.2 Summonings
 - Level 1.1 Evocations


You had one spell level left.
You knew the following spells:

 Your Spells              Type           Power      Damage    Failure   Level
a - Summon Small Mammal   Summ           28%        N/A       3%          1

Your spell library contained the following spells:

 Spells                   Type           Power      Damage    Failure   Level
 Call Imp                 Summ           7%         N/A       5%          2
 Call Canine Familiar     Summ           7%         N/A       11%         3
 Summon Guardian Golem    Hex/Summ       4%         N/A       21%         3
 Summon Lightning Spire   Summ/Air       4%         N/A       52%         4


Dungeon Overview and Level Annotations

Branches:
Dungeon (1/15)

Altars:

Shops:
D:2 !

Annotations:
D:2 Robin


Innate Abilities, Weirdness & Mutations

You cannot wear most types of armour.
You are amphibious.
You can wear up to eight rings at the same time.
Your skin changes colour to match your surroundings (Stealth+).
Your rubbery body absorbs attacks. (AC +1, EV +1)
((You are camouflaged near water. (Stealth+)))
You have tentacles for arms and can constrict up to eight enemies at once.


Message History

A goblin comes into view. It is wielding a +0 club.
You hit the hobgoblin.
You kill the hobgoblin!
Robin throws the goblin at you! The goblin hits you with a +0 club!
* * * LOW HITPOINT WARNING * * *
You are too injured to fight recklessly!
You are too injured to fight recklessly!
You are too injured to fight recklessly!
You are too injured to fight recklessly!
You are too injured to fight recklessly!
You are too injured to fight recklessly!
You are too injured to fight recklessly!
You are too injured to fight recklessly!
You are too injured to fight recklessly!
You are too injured to fight recklessly!
You are too injured to fight recklessly!
You are too injured to fight recklessly!
You are too injured to fight recklessly!
You are too injured to fight recklessly!
You are too injured to fight recklessly!
You are too injured to fight recklessly!
You are too injured to fight recklessly!
You are too injured to fight recklessly!
You are too injured to fight recklessly!
You are too injured to fight recklessly!
Unknown command.
It was a potion of curing.
You feel better. The goblin hits you but does no damage.
The goblin closely misses you.
It was a potion of might.
You feel very mighty all of a sudden.
A goblin comes into view. It is wielding a +0 club.
The goblin hits you with a +0 club. x2
You closely miss the goblin. Your grab misses the goblin.
The goblin hits you with a +0 club.
* * * LOW HITPOINT WARNING * * *
The goblin closely misses you.
Unknown command.
You closely miss the goblin. Your grab misses the goblin.
The goblin misses you. The goblin hits you with a +0 club.
You die... ### ########## ..## ### #.g@ggggg#

...#####.#####.#####w..#
..........†....# ....#
.....#.....##### ...#
....###...## ..# ...##
##.## .. #.## #.# . ###
#.# #+#


You could see Robin, a dart slug, a hobgoblin (strong) and 4 goblins.

Vanquished Creatures
  A ball python (D:2)
  7 goblins (D:2)
  2 hobgoblins (D:2)
  A rat (D:2)
11 creatures vanquished.

Notes
Turn   | Place    | Note
-------+----------+-------------------------------------------
     0 | D:1      | omnomnOMINOUS the Octopode Wanderer began the quest for the
                  | Orb.
     0 | D:1      | omnomnOMINOUS set off with the following items: a +0 club,
                  | 2 scrolls of teleportation, a +0 dagger; and the following
                  | spell memorised: Summon Small Mammal; and the following
                  | spells available to memorise: Call Imp, Call Canine
                  | Familiar, Summon Guardian Golem, Summon Lightning Spire
     0 | D:1      | Reached XP level 1. HP: 13/13 MP: 1/1
    75 | D:1      | You fall into a shaft and drop 1 floor!
   143 | D:2      | Found Ceuraoj's Distillery.
   344 | D:2      | Reached XP level 2. HP: 16/18 MP: 2/2
   350 | D:2      | Noticed Robin
   359 | D:2      | Slain by a goblin

Illustrated notes

Levels and vault maps discovered:
D:1:      dpeg_arrival_rooms_b, layout_basic, ebering_ecumenical_altar_rust
D:2:      layout_loops_corners, serial_shops, nicolae_lakefront_shop, shop,
          nicolae_lakefront_shop, shop, shop_fountains, minmay_tetromino_i2,
          uniq_terence, uniq_robin, uniq_sigmund

Action                   || total
-------------------------++-------
Melee: Spear             ||    25
       Constrict         ||     2
       Tentacles         ||     1
  Use: Potion            ||     2
 Stab: Sleeping          ||     2
Armor: Skin              ||     1
Dodge: Dodged            ||    12

Table legend: (Time is in decaauts)
 A = Elapsed time spent in this place.
 B = Non-inter-level travel time spent in this place.
 C = Inter-level travel time spent in this place.
 D = Time resting spent in this place.
 E = Time spent auto-exploring this place.
 F = Levels seen in this place.
 G = Mean time per level.
                   A        B        C        D        E       F      G
               +--------+--------+--------+--------+--------+-----+--------+
         Total |    360 |    360 |      0 |      0 |    279 |   2 |  180.0 |
       Dungeon |    360 |    360 |      0 |      0 |    279 |   2 |  180.0 |
               +--------+--------+--------+--------+--------+-----+--------+

Top non-repeatable levels by time:
     D:2: 285 daAuts
     D:1: 74 daAuts
